Unix NetHack Version 5.0.0-0 post-release - last build May 22 2026 02:22:16 (99d1c3b6dc4b13757aaa5824b55bdea4e1e63757,branch:main).

Game began 2026-05-22 04:45:17, ended 2026-05-22 05:04:55.

ArrBianca, lawful female dwarven Archeologist

                           ---  ---
                     ---- --.----.------        ----   ---
                     |..---.........--.---    ---..| ---.---
                     -0....--............|    |<...--|.....|
                     0...................|    |......|.....|  ----
                    |....-------.......---    |......--....---...|
                    --.---     ----.....--    |.--...............|
                     ---          |..--..--   |.||....|........------
                                  |.----..--- |.---...|-....^...|--.|
                                 --.|  --...---..||..-------..-.| ..|
                                 |..--  ---..|.o.|----    |.....| ..|
                                --^..-------.|.|@|        |.....| -.|---
                     ----     ---......||..|...|.|        --....--|.|...
                     |..---   |........||.....-|.-         |......|...------
                     |....-----......-------..||.          |..........|.|..|
                     |.....--........|     ------          ---.............--
                     |...........|.---                       |....(.........|
                     --..........|.|                         |............>.|
                      ---.....^..|.|                         --............--
                        --.----....|                          --.-------.---
                         ---  ------                           ---     ---
ArrBianca the Field Worker  St:15 Dx:8 Co:14 In:16 Wi:14 Ch:9  Lawful
Dlvl:6  $:77 HP:0(38) Pw:10(10) AC:7  Xp:5 T:3006 

Latest messages:
 You lash the violet fungus!
 You kill the violet fungus!
 Welcome to experience level 5.
 You feel stealthy!
 Your leg feels better.
 The imp just misses!
 The imp hits!
 You miss the imp.
 The imp hits!
 You lash the imp.
 The imp just misses!
 "Come here often?"
 You lash the imp!
 The imp hits!
 You miss the imp.
 The imp hits!
 You miss the imp.
 The imp hits!
 You lash the imp!
 The imp hits!
 You miss the imp.
 The imp hits!
 You miss the imp.
 The imp hits!
 You miss the imp.
 The imp hits!
 You miss the imp.
 The imp hits!
 You miss the imp.
 The imp hits!
 You miss the imp.
 The imp hits!
 You miss the imp.
 The imp just misses!
 "Eat slime and die!"
 You miss the imp.
 The imp hits!
 You lash the imp!
 The imp hits!
 You lash the imp!
 The imp hits!
 "Only thy reflection could love thee!"
 You lash the imp.
 The imp hits!
 You kill the imp!
 The hill orc swings her curved sword.
 The hill orc hits!
 You die...
 Do you want your possessions identified? [ynq] (y) y
 Do you want to see your attributes? [ynq] (y) q

Inventory:
 Coins    ('$')
  $ - 77 gold pieces
 Weapons  (')')
  a - a +2 bullwhip (weapon in right hand)
 Armor    ('[')
  c - an uncursed +0 fedora (being worn)
  P - an uncursed +0 mummy wrapping
  k - an uncursed +1 oilskin cloak (being worn)
  b - an uncursed +0 leather jacket (being worn)
 Comestibles  ('%')
  d - 6 uncursed food rations
  O - an uncursed tripe ration
  H - an uncursed tin of soup made from large kobold meat
  q - an uncursed lichen corpse
 Scrolls  ('?')
  C - 3 uncursed scrolls of blank paper
  D - a cursed scroll of blank paper
  j - an uncursed scroll of create monster
  l - 3 uncursed scrolls of identify
  o - an uncursed scroll of stinking cloud
 Potions  ('!')
  y - a blessed potion of full healing
  Q - an uncursed potion of gain energy
  m - an uncursed potion of monster detection
  x - an uncursed potion of speed
 Rings    ('=')
  w - a cursed -1 ring of adornment
 Wands    ('/')
  z - a wand of create monster (0:12)
 Tools    ('(')
  h - an empty uncursed sack
  F - an uncursed leash
  i - an uncursed oil lamp (lit)
  e - a +0 pick-axe (alternate weapon; not wielded)
  f - a tinning kit (0:51)
 Gems/Stones  ('*')
  I - an uncursed worthless piece of black glass
  B - 2 uncursed worthless pieces of blue glass
  E - an uncursed worthless piece of green glass
  N - an uncursed worthless piece of violet glass
  R - an uncursed worthless piece of white glass
  J - 2 uncursed worthless pieces of yellowish brown glass
  g - an uncursed touchstone

ArrBianca the Archeologist's attributes:

Background:
 You were a Field Worker, a level 5 female dwarven Archeologist.
 You were lawful, on a mission for Quetzalcoatl
 who was opposed by Camaxtli (neutral) and Huhetotl (chaotic).
 You were right-handed.
 You were in the Gnomish Mines, on level 6.
 You entered the dungeon 3006 turns ago.
 It was nighttime.
 You had 176 experience points, 144 more were needed to attain level 6.

Basics:
 You had 0 out of 38 hit points.
 You had all 10 energy points (spell power).
 Your armor class was 7.
 Your wallet contained 77 zorkmids.
 Autopickup was off.

Final Characteristics:
 Your strength was 15 (limit:18/100).
 Your dexterity was 8 (limit:20).
 Your constitution was 14 (limit:20).
 Your intelligence was 16 (limit:16).
 Your wisdom was 14 (limit:16).
 Your charisma was 9 (limit:16).

Final Status:
 You weren't hungry.
 You were unencumbered.
 You were wielding a whip.
 You were skilled in whip.

Final Attributes:
 You were piously aligned.
 You had automatic searching.
 You had infravision.
 You were stealthy.
 You were guarded.
 You were lucky.
 You are dead.

Miscellaneous:
 You didn't encounter any bones levels.
 Total elapsed playing time was 19 minutes and 38 seconds.

Major events:
 Turn
    1: ArrBianca the lawful female dwarven Archeologist entered the dungeon
 1028: attained the rank of Field Worker (level 3)
 1710: entered the Gnomish Mines
 1987: reached Mine Town
 3006: killed by a hill orc

You didn't know any spells.

Skills:
 Fighting Skills
   bare handed combat [Unskilled]
   two weapon combat  [Unskilled]
   riding             [Unskilled]
 Weapon Skills
   dagger             [Unskilled]
   knife              [Unskilled]
   pick-axe           [Basic]
   short sword        [Unskilled]
   saber              [Unskilled]
   club               [Unskilled]
   quarterstaff       [Unskilled]
   sling              [Unskilled]
   dart               [Unskilled]
   boomerang          [Unskilled]
   whip               [Skilled]
   unicorn horn       [Unskilled]
 Spellcasting Skills
   attack spells      [Unskilled]
   healing spells     [Unskilled]
   divination spells  [Unskilled]
   matter spells      [Unskilled]

Voluntary challenges:
 Character rerolling was not enabled.
 You never genocided any monsters.
 You never polymorphed an object.
 You never changed form.
 You used no wishes.
Achievements:
 You entered a shop.
 You attained the rank of Field Worker.
 You entered the Gnomish Mines.
 You entered Minetown.
 You entered a temple.

 The Dungeons of Doom: levels 1 to 5
    Level 1:
       Some fountains.
    Level 2:
    Level 3:
       A food shop, an altar, a fountain.
    Level 4:
       An armor shop.
       Stairs down to The Gnomish Mines.
    Level 5:
 The Gnomish Mines: levels 5 to 7
    Level 5:
    Level 6: <- You were here.
       Final resting place for
          you, killed by a hill orc.
    Level 7:
       A tool shop, a temple and an altar to Quetzalcoatl, many fountains.


Vanquished creatures:
  a gnome mummy
 an imp
  a pony
  a violet fungus
  a gnome leader
  a paper golem
  2 homunculi
  a rabid rat
  a giant bat
  a hobbit
  a giant rat
  2 cave spiders
  a brown mold
  a red mold
  a gnome
  a gnome zombie
  2 geckos
  9 jackals
  a kobold
  2 goblins
  4 grid bugs
  2 bats
  3 lichens
  5 newts
46 creatures vanquished.

No species were genocided or became extinct.

Game over:
                       ----------
                      /          \
                     /    REST    \
                    /      IN      \
                   /     PEACE      \
                  /                  \
                  |    ArrBianca     |
                  |      77 Au       |
                  | killed by a hill |
                  |       orc        |
                  |                  |
                  |                  |
                  |       2026       |
                 *|     *  *  *      | *
        _________)/\\_//(\/(/\)/\//\/|_)_______

Goodbye ArrBianca the Archeologist...

You died in The Gnomish Mines on dungeon level 6 with 1084 points,
and 77 pieces of gold, after 3006 moves.
You were level 5 with a maximum of 38 hit points when you died.

